 Dungeon Crawl Stone Soup version 0.30.0-29-ga12c61a403 (webtiles) character file.

Game seed: 5431686076743845631

108 qw the Chopper (level 4, -4/28 HPs)
             Began as a Gargoyle Fighter on June 4, 2023.
             Slain by a gnoll
             ... wielding a +0 spear
              (8 damage)
             ... on level 3 of the Dungeon.
             The game lasted 00:00:56 (1701 turns).

qw the Chopper (Gargoyle Fighter)                   Turns: 1701, Time: 00:00:56

Health: -4/28      AC: 15    Str: 21    XL:     4   Next: 87%
Magic:  4/4        EV:  5    Int:  9    God:
Gold:   92         SH:  4    Dex:  9    Spells: 3/3 levels left

rFire   . . .        Y - +0 war axe
rCold   . . .        c - +0 buckler
rNeg    + . .        a - +0 plate armour
rPois   inf          (helmet restricted)
rElec   +            (no cloak)
rCorr   .            (no gloves)
SInv    +            (no boots)
Will    .....        (no amulet) Stlth
                     k - ring of see invisible
HPRegen 1.04/turn    (no ring)
MPRegen 0.09/turn

%: no passive effects
@: flying
A: sickness immunity, AC +3, negative energy resistance 1, electricity
resistance, torment resistance 1, petrification resistance, antennae 1, big
wings, sense surroundings 1, regeneration 1
a: no special abilities


You were on level 3 of the Dungeon.
You visited 1 branch of the dungeon, and saw 3 of its levels.

You collected 92 gold pieces.


Innate Abilities, Weirdness & Mutations

You are immune to sickness and miasma.
Your stone body is resilient. (AC +3)
You are immune to poison.
You resist negative energy. (rN+)
You are resistant to electric shocks. (rElec)
You are resistant to unholy torment.
You are immune to petrification.
You have a pair of small antennae on your head.
Your large and strong wings let you fly.
You passively map a small area around you.
Your natural rate of healing is unusually fast.


   Skills:
 - Level 3.2 Fighting
 + Level 4.4 Axes
 - Level 3.2 Armour
 - Level 3.2 Shields


You had 3 spell levels left.
You didn't know any spells.
Your spell library was empty.

Inventory:

Hand Weapons
 b - a +1 whip of electrocution
 Y - a +0 war axe (weapon)
Armour
 a - a +0 plate armour (worn)
 c - a +0 buckler (worn)
Jewellery
 k - a ring of see invisible (left hand)
Scrolls
 i - a scroll of identify
Potions
 d - a potion of might
 f - 3 potions of curing
 g - a potion of mutation
 j - a potion of lignification
 l - 2 potions of heal wounds {unknown}
 n - a potion of invisibility {unknown}

Dungeon Overview and Level Annotations

Branches:
Dungeon (3/15)

Altars:


Message History

The gnoll hits you with a +0 spear.
The gnoll hits you from afar with a +0 spear.
You hit the gnoll but do no damage. The gnoll hits you with a +0 spear.
The gnoll barely misses you. x2
You closely miss the gnoll.
The gnoll hits you but does no damage. x2
You slash the gnoll!
The gnoll is severely wounded.
The gnoll hits you with a +0 spear. You block the gnoll's attack.
You closely miss the gnoll.
The gnoll is severely wounded.
The gnoll completely misses you.
The gnoll hits you but does no damage. x2
The gnoll barely misses you.
You slash the gnoll!
You kill the gnoll!
The gnoll barely misses you. The gnoll closely misses you.
The gnoll barely misses you.
You see here a +0 spear.
Enter note:
Enter note: You slash the gnoll!
The gnoll is almost dead.
The gnoll completely misses you. The gnoll hits you but does no damage.
You closely miss the gnoll.
The gnoll is almost dead.
The gnoll hits you from afar with a +0 spear.
The gnoll completely misses you. The gnoll hits you with a +0 halberd!
The gnoll hits you from afar with a +0 spear.
You slash the gnoll!
You kill the gnoll!
The gnoll hits you but does no damage. The gnoll hits you with a +0 spear.
The gnoll hits you from afar with a +0 spear!
You see here a +0 halberd.
Enter note:
Enter note: You hit the gnoll.
The gnoll is heavily wounded.
The gnoll hits you with a +0 spear!
You die...

* * #. #.# #. *,
#.# * #. , #.# ##*
*, #. , ..#.., #.
* *#.#., * * #.
#g.> #. #g# #. #@#
#. #)########## #.
#.......%..# #.
#.#######.#######.
##................
.######)########
.# #.# .# #.# .#
#.#


You could see 2 gnolls.

Vanquished Creatures
  Robin (D:3)
  2 gnolls (D:3)
  2 adders
  2 worms (D:2)
  2 ball pythons (D:2)
  A bat (D:2)
  An endoplasm (D:1)
  4 giant cockroaches
  12 goblins
  8 hobgoblins
  2 quokkas
  2 frilled lizards
  7 kobolds
  4 rats
50 creatures vanquished.

Notes
Turn   | Place    | Note
-------+----------+-------------------------------------------
     0 | D:1      | qw the Gargoyle Fighter began the quest for the Orb.
     0 | D:1      | Reached XP level 1. HP: 14/14 MP: 1/1
     0 | D:1      | 0 ||| qw: Version: 0.2-a-106-g05974ce
     0 | D:1      | 0 ||| qw: Game counter: 1143
     0 | D:1      | 0 ||| qw: Always use a shield: true
     0 | D:1      | 0 ||| qw: God list: Okawaru
     0 | D:1      | 0 ||| qw: Allow faded altars: false
     0 | D:1      | 0 ||| qw: Do Orc after D:15 true
     0 | D:1      | 0 ||| qw: Do second Lair branch before Depths: true
     0 | D:1      | 0 ||| qw: Lair rune preference: random
     0 | D:1      | 0 ||| qw: Plans: Normal, Zot:1-4, Slime:5, God:TSO, Crypt,
                  | Tomb, Abyss, Pan, Hells, Win
     0 | D:1      | 0 ||| PLANNING D:1-11
   137 | D:1      | Reached skill level 2 in Axes
   268 | D:1      | Reached XP level 2. HP: 19/19 MP: 2/2
   277 | D:1      | 277 ||| DROPPING +0 club.
   585 | D:1      | 585 ||| Stepping ~*~*~tactically~*~*~ (stealth).
   589 | D:1      | 589 ||| Stepping ~*~*~tactically~*~*~ (stealth).
   704 | D:1      | 704 ||| READING scroll labelled AROFOMEDIE.
   805 | D:1      | 805 ||| READING 2 scrolls labelled TOQ HUAPRA.
   806 | D:1      | 806 ||| DRINKING 2 clear potions.
   807 | D:1      | 807 ||| DRINKING 2 coppery potions.
   807 | D:1      | Gained mutation: You passively map a small area around you.
                  | [potion of mutation]
   807 | D:1      | Gained mutation: You have a pair of small antennae on your
                  | head. [potion of mutation]
   807 | D:1      | Gained mutation: Your large and strong wings let you fly.
                  | [potion of mutation]
   807 | D:1      | Gained mutation: Your natural rate of healing is unusually
                  | fast. [potion of mutation]
   835 | D:2      | Reached skill level 3 in Axes
   835 | D:2      | Reached XP level 3. HP: 23/23 MP: 3/3
   951 | D:2      | 951 ||| Stepping ~*~*~tactically~*~*~ (stealth).
   989 | D:2      | 989 ||| Stepping ~*~*~tactically~*~*~ (stealth).
   990 | D:2      | 990 ||| Stepping ~*~*~tactically~*~*~ (stealth).
  1369 | D:2      | 1369 ||| UPGRADING to +0 plate armour.
  1379 | D:2      | 1379 ||| DROPPING +0 scale mail.
  1380 | D:2      | 1380 ||| UPGRADING to ring of see invisible.
  1381 | D:2      | 1381 ||| READING scroll labelled QUUWOO ONI PEL.
  1382 | D:2      | 1382 ||| DRINKING 2 sedimented inky potions.
  1383 | D:2      | 1383 ||| READING 2 scrolls of identify.
  1383 | D:2      | 1383 ||| IDENTIFYING pink potion
  1384 | D:2      | 1384 ||| DROPPING potion of flight.
  1423 | D:3      | Noticed Robin
  1424 | D:3      | 1424 ||| Stepping ~*~*~tactically~*~*~ (hiding).
  1446 | D:3      | Killed Robin
  1447 | D:3      | Reached XP level 4. HP: 28/28 MP: 4/4
  1452 | D:3      | Reached skill level 4 in Axes
  1459 | D:3      | 1459 ||| Stepping ~*~*~tactically~*~*~ (stealth).
  1667 | D:3      | 1667 ||| DROPPING +0 whip.
  1686 | D:3      | 1686 ||| Stepping ~*~*~tactically~*~*~ (hiding).
  1700 | D:3      | HP: 3/28 [gnoll/+0 spear (7)]
  1701 | D:3      | Slain by a gnoll

Levels and vault maps discovered:
D:1:      minmay_arrival_widening_spiral_wide, layout_loops_ring, st_stairs_2
D:2:      layout_basic, minmay_fountain_box
D:3:      layout_basic, serial_park_tiny_2, item_on_display_a, uniq_robin

Skill      XL: |  1  2  3  4 |
---------------+-------------+-----
Axes           | 2 3 4 |  4.4
Fighting       | |  3.2
Armour         | |  3.2
Shields        | |  3.2

Action                     |  1- 3 |  4- 6 || total
---------------------------+-------+-------++-------
  Melee: War axe           |   121 |    31 ||   152
    Use: Scroll            |     4 |       ||     4
         Potion            |     3 |       ||     3
 Armour: Scale mail        |    39 |       ||    39
         Plate armour      |    15 |    13 ||    28
  Dodge: Dodged            |    44 |    14 ||    58
  Block: Buckler           |    17 |     6 ||    23

Table legend:
 A = Non-vault XP
 B = Vault XP
 C = Vault XP percentage of total XP
 D = Non-vault monster count
 E = Vault monster count
 F = Vault count percentage of total count
                 A         B        C        D         E       F
            +---------+---------+-------+---------+---------+-------
      Total |     112 |      43 |  27.7 |      35 |      15 |  30.0
            +---------+---------+-------+---------+---------+-------
        D:1 |      18 |       4 |  18.2 |      11 |       2 |  15.4
        D:2 |      48 |       0 |   0.0 |      18 |       0 |   0.0
        D:3 |      46 |      39 |  45.9 |       6 |      13 |  68.4
            +---------+---------+-------+---------+---------+-------
